PAA
SPRINGFIELD SHOOTERS @ MERCER ISLAND SCREAMING EAGLES
05/10/2031
 
TOP OF THE 1ST
Springfield Shooters batting - Pitching for Mercer Island Screaming Eagles : RHP Zion DeBose
Pitching: RHP Zion DeBose
Batting: LHB Marshall Willis 0-0: Ball
1-0: Ball
2-0: DOUBLE (Flyball, 89D)
Batting: RHB Barrett Drury 0-0: Fly out, F7 (Flyball, 7S)
Batting: RHB Fletcher Megarity 0-0: Ball
1-0: Foul Ball, location: 2F
1-1: Fly out, F8 (Flyball, 78M)
Batting: LHB John Schaefer 0-0: Foul Ball, location: 2F
0-1: Ground out 6-3 (Groundball, 6D)
Top of the 1st over - 0 runs, 1 hit, 0 errors, 1 left on base; Springfield 0 - Mercer Island 0
BOTTOM OF THE 1ST
Mercer Island Screaming Eagles batting - Pitching for Springfield Shooters : RHP Pedro Lara
Pitching: RHP Pedro Lara
Batting: RHB Wade Killefer 0-0: Called Strike
0-1: Ball
1-1: Ball
2-1: Ball
3-1: Foul Ball, location: 2F
3-2: SINGLE (Groundball, 5S) (infield hit)
Batting: LHB Jorge Pérez 0-0: Called Strike
0-1: Fielders Choice at 2nd, 4-6 (Groundball, 4)
Now at SS: Miguel Elías
Batting: RHB Jeffery Campbell 0-0: Ball
1-0: Ball
2-0: SINGLE (Groundball, 5D)
Jorge Pérez to second
Batting: RHB Leonardo Ramírez 0-0: Ball
1-0: Called Strike
1-1: Ball
2-1: Ball
3-1: Foul Ball, location: 2F
3-2: Base on Balls
Jorge Pérez to third
Jeffery Campbell to second
Batting: RHB Fortunato Rasquinha 0-0: Foul Ball, location: 2F
0-1: Ball
1-1: Ball
2-1: SINGLE (Line Drive, 56)
Jorge Pérez scores
Jeffery Campbell to third
Leonardo Ramírez to second
Runner from 3rd tries for Home, SAFE, no throw
Batting: RHB Pedro Hernández 0-0: Ball
1-0: Foul Ball, location: 2F
1-1: Fielders Choice at 2nd, 6-4 (Groundball, 6)
Leonardo Ramírez to third
Batting: SHB Arnold Griffith 0-0: Called Strike
0-1: SINGLE (Groundball, 4MD)
Leonardo Ramírez scores
Pedro Hernández to second
Runner from 2nd tries for 3rd, SAFE, no throw
Batting: RHB Stanley van de Ven 0-0: Ball
1-0: Ball
2-0: Called Strike
2-1: Swinging Strike
2-2: Strikes out swinging
Bottom of the 1st over - 3 runs, 4 hits, 0 errors, 2 left on base; Springfield 0 - Mercer Island 3
TOP OF THE 2ND
Springfield Shooters batting - Pitching for Mercer Island Screaming Eagles : RHP Zion DeBose
Batting: RHB Lee Charles 0-0: Called Strike
0-1: Foul Ball, location: 2F
0-2: Fly out, F8 (Flyball, 89S)
Batting: RHB Eun-bum Kim 0-0: Called Strike
0-1: Foul Ball, location: 2F
0-2: Foul Ball, location: 2F
0-2: Ball
1-2: Ball
2-2: Foul Ball, location: 2F
2-2: Foul Ball, location: 2F
2-2: Ground out 3-1 (Groundball, 34)
Batting: RHB Miguel Elías 0-0: Ball
1-0: Ball
2-0: Ball
3-0: Foul Ball, location: 2F
3-1: Base on Balls
Batting: RHB Jack Stidston 0-0: Foul Ball, location: 2F
0-1: Foul Ball, location: 2F
0-2: Ball
1-2: Ball
2-2: DOUBLE (Line Drive, 9LS)
Miguel Elías to third
Batting: RHB Júlio Barajas 0-0: Called Strike
0-1: Foul Ball, location: 2F
0-2: Strikes out swinging
Top of the 2nd over - 0 runs, 1 hit, 0 errors, 2 left on base; Springfield 0 - Mercer Island 3
BOTTOM OF THE 2ND
Mercer Island Screaming Eagles batting - Pitching for Springfield Shooters : RHP Pedro Lara
Batting: SHB Serious Lee 0-0: Ball
1-0: Ball
2-0: Called Strike
2-1: Fly out, F7 (Line Drive, 7)
Batting: RHB Wade Killefer 0-0: Called Strike
0-1: Ball
1-1: Ball
2-1: Foul Ball, location: 2F
2-2: Ground out 6-3 (Groundball, 6)
Batting: LHB Jorge Pérez 0-0: Ball
1-0: Swinging Strike
1-1: Ball
2-1: Ground out 3-1 (Groundball, 34)
Bottom of the 2nd over - 0 runs, 0 hits, 0 errors, 0 left on base; Springfield 0 - Mercer Island 3
TOP OF THE 3RD
Springfield Shooters batting - Pitching for Mercer Island Screaming Eagles : RHP Zion DeBose
Batting: LHB Marshall Willis 0-0: Ball
1-0: Swinging Strike
1-1: Foul Ball, location: 2F
1-2: Strikes out swinging
Batting: RHB Barrett Drury 0-0: Ball
1-0: Called Strike
1-1: Called Strike
1-2: Ball
2-2: Foul Ball, location: 2F
2-2: Fly out, F9 (Flyball, 89D)
Batting: RHB Fletcher Megarity 0-0: Called Strike
0-1: Called Strike
0-2: Ground out 5-3 (Groundball, 56)
Top of the 3rd over - 0 runs, 0 hits, 0 errors, 0 left on base; Springfield 0 - Mercer Island 3
BOTTOM OF THE 3RD
Mercer Island Screaming Eagles batting - Pitching for Springfield Shooters : RHP Pedro Lara
Batting: RHB Jeffery Campbell 0-0: Ball
1-0: Called Strike
1-1: Ball
2-1: Ball
3-1: Base on Balls
Batting: RHB Leonardo Ramírez Balk!
Jeffery Campbell to second
0-0: Ball
1-0: SINGLE (Flyball, 89S)
Jeffery Campbell to third
Batting: RHB Fortunato Rasquinha 0-0: Foul Ball, location: 2F
0-1: Ball
Leonardo Ramírez steals 2nd base
1-1: DOUBLE (Line Drive, 9LM)
Jeffery Campbell scores
Leonardo Ramírez scores
Batting: RHB Pedro Hernández 0-0: Ball
1-0: TRIPLE (Flyball, 89XD)
Fortunato Rasquinha scores
Batting: SHB Arnold Griffith 0-0: Called Strike
0-1: Fly out, F9 (Flyball, 89M)
Batting: RHB Stanley van de Ven 0-0: Foul Ball, location: 2F
0-1: Ball
1-1: Fly out, F5 (Line Drive, 5S)
Batting: SHB Serious Lee 0-0: Called Strike
0-1: Ball
1-1: SINGLE (Flyball, 7LS)
Pedro Hernández scores
Batting: RHB Wade Killefer 0-0: Ball
1-0: Called Strike
1-1: Foul Ball, location: 2F
1-2: Foul Ball, location: 2F
1-2: Fly out, F2 (Popup, 3SF)
Bottom of the 3rd over - 4 runs, 4 hits, 0 errors, 1 left on base; Springfield 0 - Mercer Island 7
TOP OF THE 4TH
Springfield Shooters batting - Pitching for Mercer Island Screaming Eagles : RHP Zion DeBose
Batting: LHB John Schaefer 0-0: Ball
1-0: Foul Ball, location: 2F
1-1: Ball
2-1: SINGLE (Line Drive, 34D)
Batting: RHB Lee Charles 0-0: Ball
1-0: Foul Ball, location: 2F
1-1: Ball
2-1: Called Strike
2-2: Strikes out swinging
Batting: RHB Eun-bum Kim 0-0: Swinging Strike
0-1: Called Strike
0-2: Strikes out looking
Batting: RHB Miguel Elías 0-0: Ball
1-0: Called Strike
1-1: Ball
2-1: Foul Ball, location: 2F
2-2: Fly out, F1 (Line Drive, 15)
Top of the 4th over - 0 runs, 1 hit, 0 errors, 1 left on base; Springfield 0 - Mercer Island 7
BOTTOM OF THE 4TH
Mercer Island Screaming Eagles batting - Pitching for Springfield Shooters : RHP Pedro Lara
Batting: LHB Jorge Pérez 0-0: Ball
1-0: Called Strike
1-1: Ball
2-1: Called Strike
2-2: Ball
3-2: Base on Balls
Batting: RHB Jeffery Campbell 0-0: Grounds into double play, 4-6-3 (Groundball, 4)
Batting: RHB Leonardo Ramírez 0-0: SINGLE (Groundball, 56D)
Batting: RHB Fortunato Rasquinha 0-0: Called Strike
0-1: Fielders Choice at 2nd, 5-4 (Groundball, 56)
Bottom of the 4th over - 0 runs, 1 hit, 0 errors, 1 left on base; Springfield 0 - Mercer Island 7
TOP OF THE 5TH
Springfield Shooters batting - Pitching for Mercer Island Screaming Eagles : RHP Zion DeBose
Batting: RHB Jack Stidston 0-0: Foul Ball, location: 2F
0-1: Ball
1-1: Fly out, F9 (Flyball, 89M)
Batting: RHB Júlio Barajas 0-0: Ball
1-0: Foul Ball, location: 2F
1-1: SINGLE (Groundball, 56D)
Batting: LHB Marshall Willis 0-0: Ball
1-0: Ball
2-0: Ball
3-0: Called Strike
3-1: Foul Ball, location: 2F
3-2: Foul Ball, location: 2F
3-2: Base on Balls
Júlio Barajas to second
Batting: RHB Barrett Drury 0-0: Called Strike
0-1: Foul Ball, location: 2F
0-2: Foul Ball, location: 2F
0-2: Ball
1-2: SINGLE (Line Drive, 4M)
Júlio Barajas to third
Marshall Willis to second
Batting: RHB Fletcher Megarity 0-0: Called Strike
0-1: Foul Ball, location: 2F
0-2: Foul Ball, location: 2F
0-2: Foul Ball, location: 2F
0-2: Ball
1-2: Ground out 5-3 (Groundball, 5S)
Júlio Barajas scores
Marshall Willis to third
Barrett Drury to second
Batting: LHB John Schaefer 0-0: Swinging Strike
0-1: Ball
1-1: Ball
2-1: Ball
3-1: Base on Balls
Batting: RHB Lee Charles 0-0: Called Strike
0-1: Ball
1-1: Ball
2-1: Ball
3-1: Swinging Strike
3-2: Ground out U3 (Groundball, 34S)
Top of the 5th over - 1 run, 2 hits, 0 errors, 3 left on base; Springfield 1 - Mercer Island 7
BOTTOM OF THE 5TH
Mercer Island Screaming Eagles batting - Pitching for Springfield Shooters : RHP Pedro Lara
Batting: RHB Pedro Hernández 0-0: Called Strike
0-1: Called Strike
0-2: Ball
1-2: SOLO HOME RUN (Flyball, 7LD), Distance : 371 ft
Batting: SHB Arnold Griffith 0-0: Ball
1-0: Ball
2-0: Ball
3-0: Base on Balls
Batting: RHB Stanley van de Ven 0-0: Ball
Throwing error on steal attempt, E2
Arnold Griffith to third
1-0: SINGLE (Groundball, 6D)
Arnold Griffith scores
Batting: SHB Serious Lee 0-0: Called Strike
0-1: Fly out, F8 (Flyball, 8RD)
Pitching: LHP Otte Leuthold
Batting: RHB Wade Killefer 0-0: Swinging Strike
0-1: Swinging Strike
0-2: Reached on error, E1 (Groundball, 15)
Stanley van de Ven to second
Batting: LHB Jorge Pérez 0-0: Ball
1-0: Ball
2-0: Called Strike
2-1: Ball
3-1: Base on Balls
Stanley van de Ven to third
Wade Killefer to second
Batting: RHB Jeffery Campbell 0-0: Swinging Strike
0-1: Swinging Strike
0-2: Foul Ball, location: 2F
0-2: Ball
1-2: Strikes out looking
Batting: RHB Leonardo Ramírez 0-0: Foul Ball, location: 2F
0-1: Ball
1-1: SINGLE (Groundball, 56D)
Stanley van de Ven scores
Wade Killefer to third
Jorge Pérez to second
Runner from 3rd tries for Home, SAFE, throw made home
Batting: RHB Fortunato Rasquinha 0-0: Swinging Strike
0-1: Fielders Choice at 2nd, 6-4 (Groundball, 6)
Bottom of the 5th over - 4 runs, 3 hits, 2 errors, 2 left on base; Springfield 1 - Mercer Island 11
TOP OF THE 6TH
Springfield Shooters batting - Pitching for Mercer Island Screaming Eagles : RHP Zion DeBose
Batting: RHB Eun-bum Kim 0-0: Called Strike
0-1: Fly out, F8 (Flyball, 8RM)
Batting: RHB Miguel Elías 0-0: Called Strike
0-1: Ball
1-1: Called Strike
1-2: Strikes out swinging
Batting: RHB Jack Stidston 0-0: Called Strike
0-1: Ball
1-1: Ball
2-1: Ball
3-1: Base on Balls
Batting: RHB Júlio Barajas 0-0: Ball
1-0: Ball
2-0: Fly out, F7 (Line Drive, 7)
Top of the 6th over - 0 runs, 0 hits, 0 errors, 1 left on base; Springfield 1 - Mercer Island 11
BOTTOM OF THE 6TH
Mercer Island Screaming Eagles batting - Pitching for Springfield Shooters : LHP Otte Leuthold
Batting: RHB Pedro Hernández 0-0: Called Strike
0-1: Ball
1-1: Ball
2-1: Foul Ball, location: 2F
2-2: Strikes out swinging
Batting: SHB Arnold Griffith 0-0: Ball
1-0: Single, Error in OF, E8, batter to second base
Pinch Hitting: RHB António Ramírez 0-0: Called Strike
0-1: SINGLE (Groundball, 56D)
Arnold Griffith to third
Batting: SHB Serious Lee 0-0: Ball
1-0: Ball
2-0: Fly out, F7 (Flyball, 7)
Runner from 3rd tags up, OUT at HOME
Bottom of the 6th over - 0 runs, 2 hits, 1 error, 1 left on base; Springfield 1 - Mercer Island 11
TOP OF THE 7TH
Springfield Shooters batting - Pitching for Mercer Island Screaming Eagles : RHP Zion DeBose
Now in RF: António Ramírez
Batting: LHB Marshall Willis 0-0: Called Strike
0-1: Foul Ball, location: 2F
0-2: DOUBLE (Flyball, 8RXD)
Pitching: RHP Raimo Kangas
Batting: RHB Barrett Drury 0-0: Called Strike
0-1: Ground out 4-3 (Groundball, 4)
Marshall Willis to third
Batting: RHB Fletcher Megarity 0-0: Ball
1-0: Called Strike
1-1: Foul Ball, location: 2F
1-2: Ball
2-2: Ground out 5-3 (Groundball, 56S)
Marshall Willis scores
Batting: LHB John Schaefer 0-0: Ball
1-0: Ball
2-0: Ground out 3-1 (Groundball, 34)
Top of the 7th over - 1 run, 1 hit, 0 errors, 0 left on base; Springfield 2 - Mercer Island 11
BOTTOM OF THE 7TH
Mercer Island Screaming Eagles batting - Pitching for Springfield Shooters : LHP Otte Leuthold
Now in LF: Armando Rodríguez
Batting: RHB Wade Killefer 0-0: Swinging Strike
0-1: Ball
1-1: Foul Ball, location: 2F
1-2: Foul Ball, location: 2F
1-2: Foul Ball, location: 2F
1-2: Foul Ball, location: 2F
1-2: Ball
2-2: Fly out, F8 (Flyball, 8LM)
Batting: LHB Jorge Pérez 0-0: Foul Ball, location: 2F
0-1: Ball
1-1: Ball
2-1: Foul Ball, location: 2F
2-2: Ball
3-2: Strikes out swinging
Batting: RHB Jeffery Campbell 0-0: Ground out 6-3 (Groundball, 6)
Bottom of the 7th over - 0 runs, 0 hits, 0 errors, 0 left on base; Springfield 2 - Mercer Island 11
TOP OF THE 8TH
Springfield Shooters batting - Pitching for Mercer Island Screaming Eagles : RHP Raimo Kangas
Batting: RHB Lee Charles 0-0: Ball
1-0: Foul Ball, location: 2F
1-1: Called Strike
1-2: Ball
2-2: Strikes out swinging
Batting: RHB Eun-bum Kim 0-0: Swinging Strike
0-1: Ball
1-1: Called Strike
1-2: Strikes out swinging
Pinch Hitting: RHB Lee Allen 0-0: Ball
1-0: Ball
2-0: Ball
3-0: Base on Balls
Batting: LHB Armando Rodríguez 0-0: Ball
1-0: Ball
2-0: Ball
3-0: Called Strike
3-1: Foul Ball, location: 2F
3-2: Strikes out swinging
Top of the 8th over - 0 runs, 0 hits, 0 errors, 1 left on base; Springfield 2 - Mercer Island 11
BOTTOM OF THE 8TH
Mercer Island Screaming Eagles batting - Pitching for Springfield Shooters : LHP Otte Leuthold
Now at SS: Mike Mays
Batting: RHB Leonardo Ramírez 0-0: Fly out, F9 (Flyball, 9S)
Batting: RHB Fortunato Rasquinha 0-0: Called Strike
0-1: Ball
1-1: Swinging Strike
1-2: Foul Ball, location: 2F
1-2: Ball
2-2: Ball
3-2: Base on Balls
Batting: RHB Pedro Hernández 0-0: Foul Ball, location: 2F
0-1: Called Strike
0-2: Strikes out swinging
Batting: SHB Arnold Griffith 0-0: Called Strike
0-1: Foul Ball, location: 2F
0-2: SINGLE (Groundball, 4MD)
Fortunato Rasquinha to second
Runner from 2nd tries for 3rd, SAFE, throw made to third
Batting: RHB António Ramírez 0-0: Called Strike
0-1: Ball
1-1: Called Strike
1-2: Fly out, F5 (Flyball, 56D)
Bottom of the 8th over - 0 runs, 1 hit, 0 errors, 2 left on base; Springfield 2 - Mercer Island 11
TOP OF THE 9TH
Springfield Shooters batting - Pitching for Mercer Island Screaming Eagles : RHP Raimo Kangas
Batting: RHB Júlio Barajas 0-0: Ball
1-0: Ground out 5-3 (Groundball, 5)
Batting: LHB Marshall Willis 0-0: Called Strike
0-1: Ball
1-1: DOUBLE (Line Drive, 78D)
Batting: RHB Barrett Drury 0-0: Ball
1-0: Called Strike
1-1: Foul Ball, location: 2F
1-2: Foul Ball, location: 2F
1-2: Ball
2-2: Ground out 4-3 (Groundball, 4S)
Marshall Willis to third
Batting: RHB Fletcher Megarity 0-0: Ball
1-0: Swinging Strike
1-1: SINGLE (Flyball, 89S)
Marshall Willis scores
Batting: LHB John Schaefer 0-0: Ball
1-0: Foul Ball, location: 2F
1-1: Hit by Pitch
Fletcher Megarity to second
Batting: RHB Lee Charles 0-0: Foul Ball, location: 2F
0-1: Called Strike
0-2: Foul Ball, location: 2F
0-2: Ball
1-2: Foul Ball, location: 2F
1-2: Ball
2-2: Ball
3-2: Base on Balls
Fletcher Megarity to third
John Schaefer to second
Batting: RHB Eun-bum Kim 0-0: Called Strike
0-1: Swinging Strike
0-2: Ball
1-2: Ground out 5-3 (Groundball, 56S)
Top of the 9th over - 1 run, 2 hits, 0 errors, 3 left on base; Springfield 3 - Mercer Island 11
Tuesday, June 12th, 2018 - OOTP Baseball 18.8 Build 76